 Dungeon Crawl Stone Soup version 0.17-a0-1582-ge6b0260 (webtiles) character file.

8950 Chiseanne the Fighter (level 11, -3/93 HPs)
             Began as a Demonspawn Wanderer on July 28, 2015.
             Was a High Priest of Makhleb.
             Slain by Monkaria's ghost (11 damage)
             ... in a bailey.
             The game lasted 00:37:40 (9532 turns).

Chiseanne the Fighter (Demonspawn Wanderer)         Turns: 9532, Time: 00:37:40

Health: -3/93      AC: 16    Str: 13    XL:     11   Next: 16%
Magic:  13/13      EV: 16    Int: 18    God:    Makhleb [*****.]
Gold:   431        SH:  0    Dex: 15    Spells: 0 memorised, 10 levels left

rFire  . . .     SeeInvis .     a - +7 great sword
rCold  + + .     Clarity  .     M - +3 ring mail {rF+}
rNeg   . . .     SustAt   .     (no shield)
rPois  .         Gourm    .     D - +2 helmet
rElec  .         Spirit   .     (no cloak)
rCorr  .         Warding  .     (no gloves)
rMut   .         Stasis   .     (boots unavailable)
MR     .....                    w - amulet of regeneration
Stlth  +.........               z - ring of ice
                                x - +5 ring of intelligence

@: about to teleport, not resistant to hostile enchantments, very unstealthy
A: talons 3, rough black scales 1, cold resistance 1, powered by death 1, slow
healing 1
a: Minor Destruction, Lesser Servant of Makhleb, Major Destruction, Greater
Servant of Makhleb, Renounce Religion


You were in a bailey.
You worshipped Makhleb.
Makhleb was extremely pleased with you.
You were not hungry.

You visited 2 branches of the dungeon, and saw 11 of its levels.
You also visited: Ossuary and Bailey.

You collected 431 gold pieces.

Inventory:

Hand weapons
 a - a +7 great sword (weapon)
 d - a +4 halberd of protection
 f - a +3 spear of venom
 r - a +2 antimagic battleaxe
 s - a +1 whip of electrocution
Missiles
 j - 2 curare-tipped needles
 o - 36 tomahawks (quivered)
 p - 42 poisoned needles
 q - 177 arrows
 t - 70 bolts
 u - 48 sling bullets
 E - 15 poisoned sling bullets
 G - 6 sling bullets of flame
Armour
 D - a +2 helmet (worn)
 M - a +3 ring mail of fire resistance (worn)
 P - a cursed +0 buckler
Jewellery
 w - an amulet of regeneration (around neck)
 x - a +5 ring of intelligence (left hand)
 y - an uncursed ring of teleportation
 z - a ring of ice (right hand)
 A - an uncursed ring of magical power
Scrolls
 b - 2 scrolls of recharging
 g - a scroll of fear
 i - 2 scrolls of immolation
 l - 3 scrolls of remove curse
 F - 2 scrolls of amnesia
 I - 2 scrolls of identify
Potions
 c - 2 potions of curing
 h - a potion of resistance
 k - 2 potions of ambrosia
 B - 2 potions of brilliance
 C - 2 potions of flight
 H - 2 potions of cure mutation
Books
 J - a book of Transfigurations

   Spells                             Type                      Level
   a - Stoneskin                      Transmutation/Earth          2
   b - Irradiate                      Conjuration/Transmutation    5
   c - Statue Form                    Transmutation/Earth          6
   d - Hydra Form                     Transmutation                6
   e - Dragon Form                    Transmutation                7
 L - a book of the Dragon

   Spells                             Type                      Level
   a - Flame Tongue                   Conjuration/Fire             1
   b - Cause Fear                     Hexes                        4
   c - Bolt of Fire                   Conjuration/Fire             6
   d - Dragon Form                    Transmutation                7
   e - Dragon's Call                  Summoning                    9
Miscellaneous
 K - a stone of tremors (inert)
Comestibles
 e - 4 bread rations
 m - 2 meat rations
 n - 3 beef jerkies
 O - 4 chunks of flesh


   Skills:
 * Level 11.2 Fighting
 - Level 2.6 Long Blades
 - Level 2.6 Polearms
 - Level 1.0 Throwing
 - Level 6.2 Armour
 * Level 10.2 Dodging
 * Level 3.5 Invocations
 - Level 1.0 Evocations


You had 10 spell levels left.
You didn't know any spells.

Dungeon Overview and Level Annotations

Branches:
Dungeon (10/15)            Temple (1/1) D:5            Lair (0/8) D:10
    Orc (0/4) D:9

Altars:
Ashenzari
Cheibriados
Fedhas
Kikubaaqudgha
Makhleb
Okawaru
Ru
Sif Muna
Vehumet
Yredelemnul
The Shining One
Beogh

Annotations:
D:4 Edmund Bailey Monkaria's ghost, experienced DDBe


Innate Abilities, Weirdness & Mutations

You have claws for feet.
You are partially covered in rough black scales (AC +4, Dex -1).
Your flesh is cold resistant.
You regenerate a little health from kills.
You heal slowly when monsters are visible.


Message History

Monkaria's ghost hits you!
* * * LOW HITPOINT WARNING * * *
Read which item? (? for menu, Esc to quit)
As you read the scroll of fear, it crumbles to dust.
You assume a fearsome visage.
The orc knight looks frightened!
Your smoke demon is unaffected.
Monkaria's ghost is unaffected.
Your smoke demon hits the orc knight but does no damage.
Your smoke demon's attack snaps the orc knight out of its fear.
Your smoke demon misses the orc knight.
Your smoke demon hits the orc knight.
Monkaria's ghost completely misses you.
Read which item? (? for menu, Esc to quit)
As you read the scroll of teleportation, it crumbles to dust.
You feel strangely unstable.
The orc knight hits you but does no damage.
Your smoke demon closely misses the orc knight.
Your smoke demon hits the orc knight but does no damage.
Your smoke demon closely misses the orc knight.
Monkaria's ghost hits you!
You die...

#### ##(.### ##
#@W...#########∩##
##.3..#.....##.W.#
#$o.#..≈≈≈..#...#
..).#.≈≈o≈≈......
##...(.≈ooo≈......
#[..#(≈≈o≈≈......
#?..#.(≈≈≈..#(..#
#%..##..(..##.∩.#
##..##########∩##


You could see an orc knight, Monkaria's ghost and a friendly smoke demon.

Vanquished Creatures
  The ghost of Chiseanne the Nimble, an experienced DsWn of Gozag (D:9)
  Pikel (D:4)
  Joseph (D:7)
  Grinder (D:4)
  Sigmund (D:3)
  6 orc warriors
  A wraith (D:9)
  A deep elf mage (D:10)
  5 yaks (D:9)
  A wyvern (D:10)
  2 hippogriffs (D:9)
  2 water moccasins
  Duvessa (D:6)
  A wasp (D:9)
  A slave (D:4)
  An ice beast (D:5)
  A sky beast (D:9)
  3 phantoms
  6 ogres
  5 centaurs
  4 giant frogs
  3 elf zombies
  2 gnoll sergeants
  Dowan (D:6)
  5 scorpions
  A troll zombie (D:9)
  A wight (D:9)
  A crimson imp (D:10)
  8 killer bees (D:9)
  A giant frog zombie (D:7)
  A gnoll shaman (D:5)
  A quasit (D:8)
  2 centaur skeletons
  6 human zombies
  A giant frog skeleton (D:5)
  7 orc wizards
  A centaur zombie (Ossuary)
  3 hounds
  A jelly (D:10)
  5 orc priests
  Ijyb (D:3)
  3 iguanas
  9 worker ants
  Natasha (twice) (D:2)
  A big kobold zombie (Ossuary)
  2 hound zombies (D:5)
  A hound skeleton (D:6)
  4 mummies
  Robin (D:4)
  15 gnolls
  13 adders
  4 shadow imps
  2 adder skeletons
  2 worms
  5 giant geckos
  42 orcs
  A bat skeleton (D:6)
  14 hobgoblins
  10 jackals
  13 kobolds
  3 ball pythons
  15 bats
  7 giant cockroaches
  4 giant newts
  22 goblins
  A goblin zombie (Ossuary)
  12 hobgoblin zombies (Ossuary)
  2 jackal zombies (Ossuary)
  6 kobold zombies (Ossuary)
  10 orc zombies
  A quokka skeleton (D:4)
  14 rats
  2 rat zombies
341 creatures vanquished.

Vanquished Creatures (collateral kills)
  2 orc warriors (Bailey)
  Blork the orc (D:6)
3 creatures vanquished.

Vanquished Creatures (others)
  An ice beast (D:6)
  An ogre (D:6)
  4 goblins (D:4)
  2 hobgoblins (D:4)
8 creatures vanquished.

Grand Total: 352 creatures vanquished

Notes
Turn   | Place    | Note
--------------------------------------------------------------
     0 | D:1      | Chiseanne the Demonspawn Wanderer began the quest for the Orb.
     0 | D:1      | Chiseanne set off with: a +2 spear, a +0 short sword, a potion of curing, a +0 robe, a bread ration
     0 | D:1      | Reached XP level 1. HP: 15/15 MP: 1/1
   302 | D:1      | Gained mutation: You are partially covered in rough black scales (AC +4, Dex -1). [demonic ancestry]
   302 | D:1      | Reached XP level 2. HP: 11/22 MP: 2/2
  1267 | D:2      | Gained mutation: You regenerate a little health from kills. [demonic ancestry]
  1267 | D:2      | Reached XP level 3. HP: 27/27 MP: 3/3
  1282 | D:2      | Noticed Natasha
  1293 | D:2      | Killed Natasha
  1438 | D:2      | Found a blossoming altar of Fedhas.
  1497 | D:2      | Gained mutation: You have sharp toenails. [demonic ancestry]
  1497 | D:2      | Reached XP level 4. HP: 34/34 MP: 4/4
  1722 | D:2      | Noticed Natasha
  1726 | D:2      | Killed Natasha
  1726 | D:2      | Reached skill level 3 in Fighting
  1792 | D:2      | Found a sacrificial altar of Ru.
  1912 | D:2      | Gained mutation: You have razor-sharp toenails. [demonic ancestry]
  1912 | D:2      | Reached XP level 5. HP: 41/41 MP: 5/5
  2023 | D:3      | Reached skill level 1 in Armour
  2091 | D:3      | Noticed Sigmund
  2107 | D:3      | Killed Sigmund
  2107 | D:3      | Reached skill level 4 in Fighting
  2107 | D:3      | Reached XP level 6. HP: 35/48 MP: 6/6
  2307 | D:3      | Noticed Ijyb
  2324 | D:3      | Killed Ijyb
  2735 | D:4      | Found a deep blue altar of Sif Muna.
  2892 | D:4      | Noticed Grinder
  2909 | D:4      | Paralysed by Grinder for 4 turns
  2916 | D:4      | Killed Grinder
  2916 | D:4      | Reached skill level 5 in Fighting
  2916 | D:4      | Reached XP level 7. HP: 30/56 MP: 7/7
  3220 | D:4      | Noticed Edmund
  3221 | D:4      | Reached skill level 5 in Dodging
  3523 | D:4      | Noticed Robin
  3530 | D:4      | Noticed Pikel
  3530 | D:4      | Gained mutation: Armour fits poorly on your strangely shaped body. [potion of mutation]
  3530 | D:4      | Gained mutation: You heal slowly when monsters are visible. [potion of mutation]
  3530 | D:4      | Gained mutation: You have a pair of small horns on your head. [potion of mutation]
  3546 | D:4      | Killed Robin
  3563 | D:4      | Killed Pikel
  3563 | D:4      | Reached skill level 6 in Fighting
  3563 | D:4      | Reached XP level 8. HP: 8/65 MP: 8/8
  3605 | D:4      | Lost mutation: You have a pair of small horns on your head. [potion of cure mutation]
  3605 | D:4      | Lost mutation: Armour fits poorly on your strangely shaped body. [potion of cure mutation]
  4216 | D:5      | Entered Level 5 of the Dungeon
  4503 | D:5      | Found a glowing golden altar of the Shining One.
  4515 | D:5      | Reached skill level 7 in Fighting
  4555 | D:5      | Found a snail-covered altar of Cheibriados.
  4655 | D:5      | Found a staircase to the Ecumenical Temple.
  4666 | Temple   | Entered the Ecumenical Temple
  4701 | Temple   | Became a worshipper of Makhleb the Destroyer
  4784 | D:5      | Found a sand-covered staircase.
  4793 | Ossuary  | Entered an ossuary
  4879 | Ossuary  | Acquired Makhleb's first power
  5087 | D:5      | Reached XP level 9. HP: 73/73 MP: 9/9
  5764 | D:6      | Noticed Duvessa
  5764 | D:6      | Noticed Dowan
  5772 | D:6      | Acquired Makhleb's second power
  5775 | D:6      | Reached skill level 8 in Fighting
  5781 | D:6      | Killed Duvessa
  5784 | D:6      | Killed Dowan
  5866 | D:6      | Found a shattered altar of Ashenzari.
  6016 | D:6      | Noticed Blork the orc
  6024 | D:6      | Killed Blork the orc
  6145 | D:6      | Acquired Makhleb's third power
  6145 | D:6      | Reached skill level 9 in Fighting
  6271 | D:6      | Reached skill level 5 in Armour
  6884 | D:7      | Noticed Joseph
  6895 | D:7      | Killed Joseph
  7023 | D:7      | Gained mutation: You have claws for feet. [demonic ancestry]
  7023 | D:7      | Reached XP level 10. HP: 83/83 MP: 10/10
  7762 | D:8      | Acquired Makhleb's fourth power
  7841 | D:8      | Found an iron altar of Okawaru.
  8220 | D:9      | Reached skill level 10 in Fighting
  8236 | D:9      | Found a roughly hewn altar of Beogh.
  8236 | D:9      | Found a staircase to the Orcish Mines.
  8390 | D:9      | Acquired Makhleb's fifth power
  8633 | D:9      | Noticed Chiseanne's ghost (experienced DsWn)
  8650 | D:9      | Killed Chiseanne's ghost
  8672 | D:9      | Found a basalt altar of Yredelemnul.
  8790 | D:9      | Reached skill level 1 in Invocations
  8854 | D:9      | Paralysed by a wasp for 1 turns
  9069 | D:9      | Reached skill level 10 in Dodging
  9069 | D:9      | Gained mutation: Your flesh is cold resistant. [demonic ancestry]
  9069 | D:9      | Reached XP level 11. HP: 75/92 MP: 12/12
  9074 | D:9      | Reached skill level 11 in Fighting
  9309 | D:10     | Entered Level 10 of the Dungeon
  9424 | D:10     | Found a staircase to the Lair.
  9482 | D:10     | Found a flagged portal.
  9494 | Bailey   | Entered a bailey
  9500 | Bailey   | Noticed Monkaria's ghost (experienced DDBe)
  9532 | Bailey   | Slain by Monkaria's ghost

Vault maps used:
D:1:      scummos_arrival_forest
D:2:      fedhas_altar_3, first_bread, st_stairs_6,
          nicolae_ru_great_annihilating_truth, uniq_natasha
D:3:      uniq_sigmund, uniq_iyjb
D:4:      led_sif_pool, uniq_edmund, uniq_pikel, uniq_grinder, uniq_robin
D:5:      kennysheep_little_box, lemuel_doored_altar,
          minmay_temple_entry_purple_smoke, enter_ossuary_3
D:6:      lemuel_crystal_altar, serial_glass, glass_columns_a, glass_columns_a,
          uniq_blork_the_orc, uniq_duvessa
D:7:      uniq_joseph
D:8:      kennysheep_mini, serial_curves, eino_curves_03, eino_curves_01,
          eino_curves_02, eino_curves_04
D:9:      lemuel_mausoleum_altar_yredelemnul, david_orc_5
D:10:     lair_0_dummy, enter_bailey_7, hangedman_fish_farm
Temple:   dpeg_five_rooms_temple_12
Ossuary:  ossuary_tomb_1
Bailey:   bailey_polearm_4, bailey

Action                   |  1- 3 |  4- 6 |  7- 9 | 10-12 || total
-------------------------+-------+-------+-------+-------++-------
Melee: Spear             |    95 |       |     4 |     2 ||   101
       Great sword       |     4 |   164 |   451 |   430 ||  1049
Throw: Tomahawk          |       |    21 |    14 |     9 ||    44
Invok: Lesser Servant of |       |       |       |     1 ||     1
Evoke: Wand              |       |       |     4 |       ||     4
       Stone of tremors  |       |       |       |     1 ||     1
  Use: Scroll            |     8 |     6 |     9 |     8 ||    31
       Potion            |       |     2 |    12 |     6 ||    20
 Stab: Paralysed         |       |     2 |       |       ||     2
       Distracted        |       |       |     1 |       ||     1
  Eat: Chunk             |     2 |     5 |    16 |    12 ||    35
       Pizza             |       |       |     1 |       ||     1
